 Dungeon Crawl Stone Soup version 0.24.0-123-gd5b16e6ec5 (webtiles) character file.

Game seed: 1098049905048925851, levelgen mode: deterministic

199660 Peloso the Hoplite (level 18, -1/247 HPs)
             Began as a Minotaur Fighter on Dec 26, 2019.
             Was the Champion of Okawaru.
             Slain by an emperor scorpion (2 damage)
             ... on level 4 of the Spider Nest.
             The game lasted 02:13:00 (43905 turns).

Peloso the Hoplite (Minotaur Fighter)              Turns: 43905, Time: 02:13:00

Health: -1/247     AC: 31    Str: 35    XL:     18   Next: 25%
Magic:  3/19       EV:  9    Int: 13    God:    Okawaru [******]
Gold:   886        SH: 19    Dex: 14    Spells: 17/17 levels left

rFire    + + .     SeeInvis +   a - +7 long sword (slice)
rCold    + . .     Gourm    .   c - +0 shield of Omission {+Fly rN+ MR+}
rNeg     + . .     Faith    +   D - +8 gold dragon scales
rPois    +         Spirit   .   Z - +1 hat {SInv}
rElec    .         Reflect  .   J - scarf {cloud immunity}
rCorr    +         Harm     .   F - +0 pair of gloves of Fahach {*Drain rCorr Int+5 Dex+2}
MR       +++..                  (no boots)
Stlth    ..........             E - amulet of faith
HPRegen  0.51/turn              p - ring "Enobocas" {rF+ rC+ MR+}
MPRegen  0.16/turn              s - ring "Hiskof" {rPois rC- Str+3 Int+3 Slay+3}

@: berserking, very slightly contaminated, hasted, very quick
A: retaliatory headbutt, horns 2
a: Heroism, Finesse, Renounce Religion, Evoke Flight


You were on level 4 of the Spider Nest.
You worshipped Okawaru.
Okawaru was exalted by your worship.
You were hungry.

You visited 6 branches of the dungeon, and saw 30 of its levels.
You also visited: Ossuary, Gauntlet and Ice Cave.

You collected 3049 gold pieces.
You spent 2163 gold pieces at shops.

Inventory:

Hand Weapons
 a - a +7 long sword of slicing (weapon)
 b - a +3 scimitar of flaming
 y - the +7 great sword "Giantslayer" {flame, +Blink}
   (You found it in an ice cave)

   It has been specially enchanted to burn those struck by it, causing extra
   injury to most foes and up to half again as much damage against particularly
   susceptible opponents.
   Big, fiery blades are also staple armaments of hydra-hunters.
   It lets you blink.
 K - the +3 demon blade "Hisedevo" {slice, rF+}
   (Okawaru gifted it to you on level 1 of the Shoals)

   It inflicts extra damage upon your enemies.
   It protects you from fire.
Armour
 c - the +0 shield of Omission (worn) {+Fly rN+ MR+}
   (You found it in an ice cave)

   It protects you from negative energy.
   It affects your resistance to hostile enchantments.
   It lets you fly.
 h - a +2 pair of gloves
 x - a +2 large shield
 D - +8 gold dragon scales (worn)
 F - the +0 pair of gloves of Fahach (worn) {*Drain rCorr Int+5 Dex+2}
   (Okawaru gifted it to you on level 2 of the Shoals)

   It affects your intelligence (+5).
   It affects your dexterity (+2).
   It provides partial protection from all sources of acid and corrosion.
   It causes draining when unequipped.
 J - a scarf of cloud immunity (worn)
 Q - the +27 Lear's hauberk
   (You found it on level 3 of the Spider Nest)
 Z - a +1 hat of see invisible (worn)
Jewellery
 e - the ring "Vyut Red" {+Blink rF+ Int+4}
   (You found it on level 2 of the Shoals)

   [ring of protection from fire]

   It affects your intelligence (+4).
   It protects you from fire.
   It lets you blink.
 j - an uncursed amulet of regeneration
 p - the ring "Enobocas" (left hand) {rF+ rC+ MR+}
   (You found it on level 15 of the Dungeon)

   [ring of protection from magic]

   It protects you from fire.
   It protects you from cold.
   It affects your resistance to hostile enchantments.
 s - the ring "Hiskof" (right hand) {rPois rC- Str+3 Int+3 Slay+3}
   (You found it in a Gauntlet)

   [ring of strength]

   It affects your strength (+3).
   It affects your intelligence (+3).
   It affects your accuracy and damage with ranged weapons and melee attacks
   (+3).
   It makes you vulnerable to cold.
   It protects you from poison.
 u - an uncursed ring of poison resistance {unknown}
 E - an amulet of faith (around neck)
 I - an uncursed ring of resist corrosion
 L - the ring of Uheavara {Str+3 Int+4 Stlth+}
   (You found it on level 2 of the Shoals)

   [ring of strength]

   It affects your strength (+3).
   It affects your intelligence (+4).
   It makes you more stealthy.
Wands
 l - a wand of iceblast (23)
 q - a wand of disintegration (15)
 z - a wand of flame (45)
 C - a wand of polymorph (10)
 P - a wand of digging (4)
Scrolls
 g - 9 scrolls of remove curse
 m - 14 scrolls of identify
 n - a scroll of enchant weapon
 w - a scroll of fog
 A - 2 scrolls of amnesia
 G - 6 scrolls of noise
 H - 11 scrolls of magic mapping
Potions
 d - a potion of might
 o - 2 potions of haste
 r - 6 potions of flight
 t - a potion of berserk rage
 v - 13 potions of curing
 B - 5 potions of resistance
 M - a potion of mutation
 U - 5 potions of agility
Comestibles
 f - 58 rations
 O - 2 chunks of flesh


   Skills:
 + Level 15.6 Fighting
 + Level 17.5 Long Blades
 + Level 15.5 Armour
 + Level 3.3 Dodging
 + Level 1.1 Stealth
 + Level 24.5 Shields
 + Level 3.7 Invocations
 + Level 1.0 Evocations


You had 17 spell levels left.
You didn't know any spells.
Your spell library contained the following spells:

 Spells                   Type           Power        Failure   Level  Hunger
 Apportation              Tloc           #.....       97%         1    ##.....
 Confusing Touch          Hex            #.....       97%         1    ##.....
 Magic Dart               Conj           #...         97%         1    ##.....
 Shock                    Conj/Air       #...         97%         1    ##.....
 Sting                    Conj/Pois      #...         97%         1    ##.....
 Blink                    Tloc           N/A          99%         2    ###....
 Call Imp                 Summ           #.......     99%         2    ###....
 Corpse Rot               Necr           N/A          99%         2    ###....
 Slow                     Hex            #.......     99%         2    ###....
 Swiftness                Chrm/Air       #.......     99%         2    ###....
 Confuse                  Hex            #.......     100%        3    ####...
 Conjure Flame            Conj/Fire      #.......     100%        3    ####...
 Gell's Gravitas          Tloc           #.........   100%        3    ####...
 Mephitic Cloud           Conj/Pois/Air  #.......     100%        3    ####...
 Ozocubu's Armour         Chrm/Ice       #.......     100%        3    ####...
 Recall                   Summ/Tloc      N/A          100%        3    ####...
 Static Discharge         Conj/Air       #.......     100%        3    ####...
 Stone Arrow              Conj/Erth      #.....       100%        3    ####...
 Airstrike                Air            #.........   100%        4    #####..
 Animate Dead             Necr           N/A          100%        4    #####..
 Leda's Liquefaction      Hex/Erth       #.........   100%        4    #####..
 Olgreb's Toxic Radiance  Pois           #.......     100%        4    #####..
 Petrify                  Tmut/Erth      #.......     100%        4    #####..
 Bolt of Magma            Conj/Fire/Erth #.........   100%        5    ######.
 Borgnjor's Vile Clutch   Necr/Erth      #.........   100%        5    ######.
 Iskenderun's Battlesphe  Conj/Chrm      #.......     100%        5    ######.
 Lightning Bolt           Conj/Air       #.........   100%        5    ######.
 Metabolic Englaciation   Hex/Ice        #.........   100%        5    ######.
 Summon Forest            Summ/Tloc      #.........   100%        5    ######.
 Venom Bolt               Conj/Pois      #.........   100%        5    ######.
 Yara's Violent Unravell  Hex/Tmut       #.........   100%        5    ######.
 Bolt of Fire             Conj/Fire      #.........   100%        6    #######
 Death Channel            Necr           #.........   100%        6    #######
 Freezing Cloud           Conj/Ice/Air   #.........   100%        6    #######
 Hydra Form               Tmut           #.........   100%        6    #######
 Iron Shot                Conj/Erth      #.........   100%        6    #######
 Simulacrum               Ice/Necr       #.........   100%        6    #######
 Orb of Destruction       Conj           #.........   100%        7    #######
 Spellforged Servitor     Conj/Summ      #.........   100%        7    #######
 Summon Hydra             Summ           #.........   100%        7    #######
 Controlled Blink         Tloc           N/A          100%        8    #######


Dungeon Overview and Level Annotations

Branches:
Dungeon (15/15)            Temple (1/1) D:4            Lair (6/6) D:11
 Shoals (2/4) Lair:3       Spider (4/4) Lair:4        Slime (0/5) Lair:6
    Orc (2/2) D:9             Elf (0/3) Orc:2        Vaults (0/5) D:13
 Depths (0/5) D:15        Ossuary (visited)           IceCv (visited)
Gauntlet (visited)

Altars:
Ashenzari
Cheibriados
Dithmenos
Elyvilon
Fedhas
Gozag
Hepliaklqana
Kikubaaqudgha
Makhleb
Nemelex Xobeh
Okawaru
Qazlal
Ru
Sif Muna
Trog
Uskayaw
Vehumet
Wu Jian
Xom
Yredelemnul
Zin
The Shining One

Shops:
D:4 =   D:11 (?!   D:13 }   Orc:2 [}(*:?   Shoals:1 ?

Portals:
Pandemonium: Orc:2


Innate Abilities, Weirdness & Mutations

You reflexively headbutt those who attack you in melee.
You have a pair of horns on your head.


Message History

The emperor scorpion stings you but does no damage.
You block the emperor scorpion's attack. x2
The emperor scorpion stings you!
* * * LOW HITPOINT WARNING * * *
The emperor scorpion claws you but does no damage. x2
You slice the emperor scorpion!!
Your headbutt misses the emperor scorpion.
The emperor scorpion is moderately wounded.
You block the hornet's attack.
You block the emperor scorpion's attack.
The emperor scorpion claws you but does no damage. x2
Unknown command.
You closely miss the emperor scorpion. You headbutt the emperor scorpion.
The emperor scorpion is moderately wounded.
The hornet stings you but does no damage.
The emperor scorpion stings you!!
* * * LOW HITPOINT WARNING * * *
You block the emperor scorpion's attack.
The emperor scorpion claws you.
You die...

##### #≈.^### ####
#####y....#######≈≈##
###..≈yy≈†.†....#≈≈≈...
######†..yss##.^##..†.≈≈≈..#
##≈≈≈#≈...#y@##..###....##.##
≈≈≈≈≈.^.≈#####yyy# ##≈..≈###
.≈##≈...^# #yy## #...≈#
#≈....## #'y# ##^.≈##
###≈..### ..##y ##...##
##.≈..## #^.. .. ####...#
##....≈# +... ... #..#.†.#
#≈...≈#### #### #####.≈≈≈≈.##
###...≈≈≈..#
############.≈≈≈^.≈.


You could see 2 emperor scorpions, a moth of wrath and 4 hornets.

Vanquished Creatures
  Rupert (Lair:4)
  An Ice Fiend (IceCv)
  The ghost of mojasp the Thaumaturge, an adept GnWz of Cheibriados (Shoals:2)
  A kraken (Shoals:2)
  Kirke (D:14)
  Ilsuiw (Shoals:2)
  2 ghost moths (Spider:4)
  An emperor scorpion (Spider:3)
  3 entropy weavers
  Azrael (D:14)
  Nessos (D:12)
  A minotaur (Gauntlet)
  2 spark wasps (Spider:4)
  Snorg (D:11)
  A merfolk javelineer (Shoals:2)
  A merfolk impaler (Shoals:2)
  A fire dragon (D:15)
  A fire dragon (shapeshifter) (D:15)
  A great orb of eyes (D:15)
  The ghost of serch the Basher, a journeyman MiBe of Trog (D:11)
  Fannar (D:11)
  The ghost of scherben the Thaumaturge, a journeyman DrCj of Fedhas (D:10)
  A rakshasa (D:15)
  5 hydras
  Harold (D:7)
  A centaur warrior (D:15)
  A merfolk aquamancer (Shoals:2)
  2 catoblepae
  4 death yaks
  3 merfolk avatars
  An alligator snapping turtle (Shoals:2)
  3 two-headed ogres
  4 death knights
  9 dancing weapons
  2 tengu warriors (D:14)
  Urug (Lair:2)
  A queen ant (Gauntlet)
  5 orc high priests (Orc:2)
  6 skeletal warriors (D:15)
  A sixfirhy (Orc:2)
  A gelid demonspawn (Orc:2)
  A torturous demonspawn (Orc:2)
  3 unseen horrors
  3 sea snakes
  A glowing orange brain (Gauntlet)
  An infernal demonspawn (Orc:2)
  4 orc knights (Orc:2)
  2 deep elf magi (D:15)
  Pikel (D:7)
  A lindwurm (Lair:6)
  4 phantasmal warriors
  12 cyclopes
  7 orc sorcerers (Orc:2)
  16 harpies
  37 wolf spiders
  9 manticores
  24 ugly things
  24 orb spiders
  3 oklob plants
  7 fauns (Shoals:2)
  2 moths of wrath
  Maurice (D:11)
  8 merfolk sirens
  3 ice statues (IceCv)
  4 torpor snails
  11 elephants
  6 black mambas
  A water nymph (Shoals:2)
  Joseph (D:7)
  2 centaur skeletons
  A smoke demon (Orc:2)
  8 spiny frogs
  16 demonic crawlers
  4 komodo dragons
  2 kobold demonologists
  3 anaconda simulacra (IceCv)
  9 ice devils (IceCv)
  4 yaktaurs
  4 rime drakes
  A red devil (Orc:2)
  10 trolls
  6 freezing wraiths
  2 queen bees (Lair:2)
  29 jumping spiders
  2 polar bears
  A troll (shapeshifter) (D:14)
  10 merfolk
  4 wind drakes
  Prince Ribbit (Lair:3)
  12 hippogriffs
  2 hornets
  15 blink frogs
  A slime creature (Lair:1)
  5 snapping turtles
  A meliai zombie (D:12)
  5 dream sheep (Lair:6)
  37 tarantellas
  5 wraiths (D:15)
  A dire elephant simulacrum (IceCv)
  33 yaks
  67 redbacks
  4 fire elementals (D:14)
  3 basilisks
  A wyvern (Lair:2)
  10 hogs
  A human (D:7)
  4 water elementals
  A hungry ghost (D:10)
  Grum (D:11)
  3 steam dragons
  6 vampire mosquitoes
  A harpy simulacrum (IceCv)
  3 wargs
  An acid dragon (Gauntlet)
  An iron troll simulacrum (IceCv)
  12 water moccasins
  A hell hound (D:14)
  3 soldier ants (Gauntlet)
  4 hydra simulacra (IceCv)
  6 porcupines
  2 ice beasts
  6 sky beasts
  38 orc warriors
  An eye of draining (D:13)
  2 phantoms
  13 wolves
  7 ogres
  2 necrophages
  12 centaurs
  9 crocodiles
  A big kobold (D:13)
  16 bullfrogs
  A gnoll sergeant (D:7)
  3 scorpions
  A wyvern skeleton (D:12)
  A water moccasin zombie (D:9)
  65 killer bees
  9 wights
  3 electric eels
  6 howler monkeys
  11 crimson imps
  A bullfrog zombie (D:6)
  3 centaur zombies
  2 quasits (D:9)
  13 jellies
  34 orc priests
  6 hounds
  24 orc wizards
  4 bullfrog skeletons
  7 iguanas
  12 worker ants
  A big kobold zombie (Ossuary)
  2 hound zombies
  A hound skeleton (D:5)
  3 mummies (Ossuary)
  2 worker ant zombies (D:8)
  9 gnolls
  A howler monkey zombie (D:8)
  13 adders
  2 shadow imps
  17 oozes
  4 adder zombies
  2 adder skeletons
  A worm (D:5)
  2 dart slugs
  5 leopard geckos
  93 orcs
  6 bats
  7 giant cockroaches
  A goblin (D:3)
  7 hobgoblins
  20 jackals
  6 kobolds
  5 quokkas
  4 frilled lizards
  2 goblin zombies (Ossuary)
  3 hobgoblin zombies (Ossuary)
  6 kobold zombies (Ossuary)
  A leopard gecko zombie (D:7)
  An orc zombie (Ossuary)
  3 quokka zombies
  6 rats
  A rat zombie (Ossuary)
  2 fungi
  4 plants
  5 tentacles (Shoals:2)
1207 creatures vanquished.

Vanquished Creatures (others)
  An unseen horror (D:15)
  A manticore (D:14)
  A jumping spider (Spider:1)
  A hippogriff (Shoals:2)
  A tarantella (Spider:4)
  A shadow (D:14)
  3 slaves (D:7)
  A killer bee (Lair:2)
  A crimson imp (D:7)
  A jelly (D:7)
  3 gnolls (D:7)
  An orc (D:11)
  8 fungi
  15 plants
  15 tentacles (Shoals:2)
  2 withered plants (D:11)
56 creatures vanquished.

Grand Total: 1263 creatures vanquished

Notes
Turn   | Place    | Note
-------+----------+-------------------------------------------
     0 | D:1      | Peloso the Minotaur Fighter began the quest for the Orb.
     0 | D:1      | Reached XP level 1. HP: 19/19 MP: 0/0
   202 | D:1      | Reached XP level 2. HP: 27/27 MP: 1/1
   469 | D:1      | Reached skill level 4 in Shields
   916 | D:2      | Reached XP level 3. HP: 31/33 MP: 2/2
  1418 | D:2      | Reached XP level 4. HP: 40/40 MP: 3/3
  1557 | D:2      | Found a blossoming altar of Fedhas.
  2066 | D:3      | Reached XP level 5. HP: 44/46 MP: 4/4
  2073 | D:3      | Reached skill level 5 in Armour
  2107 | D:3      | Found a hide-covered altar of Uskayaw.
  2116 | D:3      | Found an ornate altar of the Wu Jian Council.
  2515 | D:3      | Found an opulent altar of Gozag.
  2515 | D:3      | Found a sparkling altar of Nemelex Xobeh.
  2651 | D:4      | Reached skill level 5 in Shields
  2804 | D:4      | Found a staircase to the Ecumenical Temple.
  2824 | Temple   | Entered the Ecumenical Temple
  2886 | Temple   | Became a worshipper of Warmaster Okawaru
  2941 | D:4      | Reached XP level 6. HP: 53/53 MP: 5/5
  3077 | D:4      | Found Jiozuuv's Jewellery Shoppe.
  3327 | D:4      | Found a sparkling altar of Nemelex Xobeh.
  3382 | D:5      | Entered Level 5 of the Dungeon
  3424 | D:5      | Reached skill level 6 in Shields
  3431 | D:5      | Reached skill level 5 in Long Blades
  3605 | D:5      | Reached * piety under Okawaru
  3605 | D:5      | Reached XP level 7. HP: 60/60 MP: 6/6
  3671 | D:5      | Reached skill level 5 in Fighting
  3671 | D:5      | Reached skill level 1 in Dodging
  3699 | D:5      | Reached skill level 7 in Shields
  3977 | D:5      | Reached ** piety under Okawaru
  4502 | D:5      | Found a bloodstained altar of Trog.
  4625 | D:5      | Found a radiant altar of Vehumet.
  4626 | D:5      | Found a glowing golden altar of the Shining One.
  4826 | D:6      | Reached XP level 8. HP: 68/68 MP: 7/7
  4990 | D:6      | Found a sand-covered staircase.
  5028 | Ossuary  | Entered an ossuary
  5104 | Ossuary  | Reached skill level 8 in Shields
  5432 | D:6      | Found a bloodstained altar of Trog.
  6444 | D:6      | Reached skill level 9 in Shields
  6505 | D:6      | Reached *** piety under Okawaru
  6609 | D:6      | Reached XP level 9. HP: 70/75 MP: 8/8
  6724 | D:7      | Noticed Pikel
  6735 | D:7      | Noticed Harold
  6748 | D:7      | Killed Pikel
  6757 | D:7      | Killed Harold
  6757 | D:7      | Reached **** piety under Okawaru
  6820 | D:7      | Found a snail-covered altar of Cheibriados.
  6835 | D:7      | Reached skill level 10 in Long Blades
  6835 | D:7      | Reached skill level 10 in Shields
  7002 | D:7      | Reached XP level 10. HP: 47/84 MP: 9/9
  7392 | D:7      | Reached skill level 11 in Shields
  7395 | D:7      | Noticed Joseph
  7427 | D:7      | Killed Joseph
  7462 | D:7      | Found an ancient bone altar of Kikubaaqudgha.
  7527 | D:6      | HP: 4/84 [poisoned by a killer bee]
  7533 | D:6      | HP: 4/84 [poisoned by a killer bee]
  7541 | D:6      | HP: 4/84 [poisoned by a killer bee]
  8985 | D:8      | Reached ***** piety under Okawaru
  9081 | D:8      | Got an ichor-stained hunting sling
  9082 | D:8      | Identified the +10 hunting sling of Fuiplygo {velocity,
                  | Int+4} (You found it on level 8 of the Dungeon)
  9477 | D:9      | Received a gift from Okawaru
  9842 | D:9      | Reached skill level 12 in Shields
 10144 | D:9      | Found a staircase to the Orcish Mines.
 10303 | D:10     | Entered Level 10 of the Dungeon
 10342 | D:10     | Killed an unseen horror
 10553 | D:10     | Noticed scherben's ghost (journeyman DrCj)
 10554 | D:10     | Found a runed translucent door.
 10604 | D:10     | Noticed a two-headed ogre
 10612 | D:10     | Killed a two-headed ogre
 10612 | D:10     | Reached XP level 11. HP: 87/92 MP: 10/10
 11264 | D:11     | Noticed Maurice
 11296 | D:11     | Reached skill level 13 in Shields
 11308 | D:11     | Killed Maurice
 11316 | D:11     | Noticed Grum
 11374 | D:11     | Killed Grum
 11408 | D:11     | Found Vezergh's Antique Weapon Shoppe.
 11572 | D:11     | Found Myrph's Magic Scroll Emporium.
 11844 | D:4      | Bought an uncursed amulet of faith for 520 gold pieces
 12105 | D:11     | Found a staircase to the Lair.
 12178 | D:11     | Noticed Snorg
 12197 | D:11     | Killed Snorg
 12198 | D:11     | Found Amas's Distillery.
 12452 | D:11     | Noticed Fannar
 12474 | D:11     | Killed Fannar
 12474 | D:11     | Received a gift from Okawaru
 12474 | D:11     | Reached skill level 1 in Invocations
 12540 | D:11     | Noticed a four-headed hydra
 12546 | D:11     | Killed a four-headed hydra
 12546 | D:11     | Reached skill level 14 in Shields
 12576 | D:11     | Noticed a purple ugly thing
 12586 | D:11     | Killed a purple ugly thing
 12897 | D:11     | Noticed a brown ugly thing
 12907 | D:11     | Killed a brown ugly thing
 12907 | D:11     | Reached skill level 1 in Evocations
 12987 | D:11     | Found a runed translucent door.
 13108 | D:11     | Noticed serch's ghost (journeyman MiBe)
 13283 | Lair:1   | Entered Level 1 of the Lair of Beasts
 13350 | Lair:1   | Reached XP level 12. HP: 103/103 MP: 12/12
 14588 | Lair:2   | Noticed Urug
 14605 | Lair:2   | Killed Urug
 14643 | Lair:2   | Received a gift from Okawaru
 14728 | Lair:2   | Reached skill level 10 in Armour
 15330 | Lair:2   | Reached skill level 15 in Shields
 16042 | Lair:2   | Got a crude trident
 16043 | Lair:2   | Identified the +5 trident "Nuugil" {pierce, +Blink rPois
                  | rF- Int-2} (You found it on level 2 of the Lair of Beasts)
 16154 | Lair:2   | Received a gift from Okawaru
 16909 | Lair:3   | Reached skill level 16 in Shields
 16933 | Lair:3   | Found a gate leading to a gauntlet.
 16944 | Gauntlet | Entered a Gauntlet
 16944 | Gauntlet | Found a transporter.
 16944 | Gauntlet | Found a transporter.
 16944 | Gauntlet | Found a transporter.
 16957 | Gauntlet | Found a transporter.
 16960 | Gauntlet | Found a transporter.
 16966 | Gauntlet | Noticed a tengu warrior
 16969 | Gauntlet | Noticed a catoblepas
 16972 | Gauntlet | Found a transporter.
 16975 | Gauntlet | Found a transporter.
 16977 | Gauntlet | Noticed a hell hog
 16988 | Gauntlet | Found a transporter.
 17006 | Gauntlet | Found a transporter.
 17011 | Gauntlet | Found a transporter.
 17013 | Gauntlet | Found a transporter.
 17027 | Gauntlet | Found a transporter.
 17036 | Gauntlet | Noticed a queen ant
 17201 | Gauntlet | Killed a queen ant
 17226 | Gauntlet | Got a shimmering copper ring
 17228 | Gauntlet | Identified the ring "Hiskof" {rPois rC- Str+3 Int+3 Slay+3}
                  | (You found it in a Gauntlet)
 17697 | Gauntlet | Identified a scroll of acquirement
 17707 | Gauntlet | Reached XP level 13. HP: 97/113 MP: 9/13
 17773 | Gauntlet | Reached skill level 10 in Fighting
 17794 | Gauntlet | Got a crude marble ring
 17796 | Gauntlet | Identified the ring of Harmony {Wiz Str+5} (You found it in
                  | a Gauntlet)
 17831 | Gauntlet | Identified the cursed +0 large shield of Atioluci {+Fly rF-
                  | rC- rN+++}
 17831 | Gauntlet | Noticed a minotaur
 17853 | Gauntlet | Killed a minotaur
 17885 | Gauntlet | Identified the Handbook of Warped Cold
 18266 | D:12     | Noticed Nessos
 18292 | D:12     | Killed Nessos
 18958 | D:12     | Received a gift from Okawaru
 19731 | D:13     | Reached skill level 17 in Shields
 19764 | D:13     | Found a gate to the Vaults.
 19819 | D:13     | Found Vesosit's Gadget Emporium.
 19827 | D:13     | Bought a wand of digging (5) for 270 gold pieces
 20094 | D:13     | Reached ****** piety under Okawaru
 20376 | Orc:1    | Entered Level 1 of the Orcish Mines
 20635 | Orc:2    | Entered Level 2 of the Orcish Mines
 20641 | Orc:2    | Found a bloodstained altar of Trog.
 20690 | Orc:1    | Received a gift from Okawaru
 21365 | Orc:2    | Paralysed by an orc sorcerer for 5 turns
 21444 | Orc:2    | Found Gysarrad's Armour Shoppe.
 21641 | Orc:2    | Found a staircase to the Elven Halls.
 21765 | Orc:2    | Found Piukyove's Gadget Shoppe.
 22048 | Orc:2    | Reached skill level 18 in Shields
 22332 | Orc:2    | Found Yveukh's General Store.
 22333 | Orc:2    | Found Leum's Magic Scroll Emporium.
 22379 | Orc:2    | Received a gift from Okawaru
 22379 | Orc:2    | Reached XP level 14. HP: 90/124 MP: 15/15
 22386 | Orc:2    | Got a jewelled plate armour {god gift}
 22643 | Orc:2    | Bought a scroll of acquirement for 832 gold pieces
 22643 | Orc:2    | Bought a scroll of enchant armour for 120 gold pieces
 22644 | Orc:2    | Bought a scroll of noise for 16 gold pieces
 22644 | Orc:2    | Bought a scroll of fog for 32 gold pieces
 22783 | Orc:2    | Paralysed by an orc sorcerer for 7 turns
 23400 | Orc:2    | Paralysed by an orc sorcerer for 7 turns
 23535 | Orc:2    | Found Onyzikucet's Antique Weapon Shop.
 23535 | Orc:2    | Found Disch's Book Boutique.
 23535 | Orc:2    | Found a one-way gate leading to the halls of Pandemonium.
 23751 | D:14     | Identified the +1 plate armour of Disguise {rN++ Dex+2}
                  | (Okawaru gifted it to you on level 2 of the Orcish Mines)
 23783 | D:14     | Reached skill level 15 in Long Blades
 23813 | D:14     | Noticed Kirke
 24128 | D:14     | Received a gift from Okawaru
 24140 | D:14     | Got a twisted demon blade {god gift}
 24141 | D:14     | Identified the +1 demon blade of Soophesu {freeze, +Blink
                  | rC+ Str+4} (Okawaru gifted it to you on level 14 of the
                  | Dungeon)
 24353 | D:14     | Reached skill level 19 in Shields
 24367 | D:14     | Killed Kirke
 24397 | D:14     | Noticed Azrael
 24425 | D:14     | Killed Azrael
 24699 | Lair:3   | Found a staircase to the Shoals.
 24732 | Lair:3   | Noticed Prince Ribbit
 24739 | Lair:3   | Killed Prince Ribbit
 25188 | Lair:3   | You fall into a shaft and drop 1 floor!
 25220 | Lair:4   | Noticed Rupert
 25238 | Lair:4   | Killed Rupert
 25238 | Lair:4   | Received a gift from Okawaru
 26419 | Lair:4   | Found a hole to the Spider Nest.
 26830 | Lair:5   | Reached skill level 1 in Stealth
 26929 | Lair:5   | Reached XP level 15. HP: 134/134 MP: 16/16
 27483 | Lair:6   | Entered Level 6 of the Lair of Beasts
 27630 | Lair:6   | Received a gift from Okawaru
 27693 | Lair:6   | Reached skill level 20 in Shields
 28025 | Lair:6   | Found a staircase to the Slime Pits.
 28932 | D:15     | Entered Level 15 of the Dungeon
 28989 | D:15     | Got a flickering granite ring
 29404 | D:15     | Received a gift from Okawaru
 29481 | D:15     | Received a gift from Okawaru
 29507 | D:15     | Reached skill level 21 in Shields
 30450 | D:15     | Received a gift from Okawaru
 30464 | D:15     | Got an ancient long sword {god gift}
 30465 | D:15     | Identified the +2 long sword "Vograr" {holy, rPois}
                  | (Okawaru gifted it to you on level 15 of the Dungeon)
 30622 | D:15     | Found a staircase to the Depths.
 30625 | D:15     | Reached XP level 16. HP: 132/144 MP: 17/17
 31059 | D:11     | Bought a scroll of enchant armour for 112 gold pieces
 31059 | D:11     | Bought a scroll of enchant armour for 112 gold pieces
 31059 | D:11     | Bought a scroll of identify for 30 gold pieces
 31065 | D:11     | Bought a scroll of identify for 30 gold pieces
 31065 | D:11     | Bought a scroll of identify for 30 gold pieces
 31072 | D:11     | Identified the ring "Enobocas" {rF+ rC+ MR+} (You found it
                  | on level 15 of the Dungeon)
 31165 | D:11     | Killed serch's ghost
 31233 | D:10     | Killed scherben's ghost
 31233 | D:10     | Received a gift from Okawaru
 32247 | Spider:1 | Entered Level 1 of the Spider Nest
 33080 | Spider:1 | Reached skill level 22 in Shields
 34366 | Spider:2 | Received a gift from Okawaru
 35298 | Shoals:1 | Entered Level 1 of the Shoals
 35356 | Shoals:1 | Found a frozen archway.
 35376 | IceCv    | Entered an ice cave
 35896 | IceCv    | Noticed an Ice Fiend
 35912 | IceCv    | Killed an Ice Fiend
 35934 | IceCv    | Got a crude shield
 35940 | IceCv    | Identified the +0 shield of Omission {+Fly rN+ MR+} (You
                  | found it in an ice cave)
 35944 | IceCv    | Got a crystal great sword
 35947 | IceCv    | Got a dazzling spear
 35948 | IceCv    | Identified the +10 spear "Minotaur's Curse" {freeze,
                  | Fragile +Rage rN+++ Int+6} (You found it in an ice cave)
 35949 | IceCv    | Identified the +7 great sword "Giantslayer" {flame, +Blink}
                  | (You found it in an ice cave)
 36324 | Shoals:1 | Found Itujiyppi's Magic Scroll Shoppe.
 36371 | Shoals:1 | Reached XP level 17. HP: 153/154 MP: 18/18
 36379 | Shoals:1 | Bought a scroll of magic mapping for 59 gold pieces
 36455 | Shoals:1 | Reached skill level 23 in Shields
 36534 | Shoals:1 | Received a gift from Okawaru
 36543 | Shoals:1 | Got a bloodstained demon blade {god gift}
 36544 | Shoals:1 | Identified the +3 demon blade "Hisedevo" {slice, rF+}
                  | (Okawaru gifted it to you on level 1 of the Shoals)
 37174 | Shoals:1 | You fall into a shaft and drop 1 floor!
 37174 | Shoals:2 | Found a transporter.
 37175 | Shoals:2 | Noticed mojasp's ghost (adept GnWz)
 37202 | Shoals:2 | Found a transporter.
 37766 | Shoals:2 | Noticed a kraken
 37779 | Shoals:2 | Received a gift from Okawaru
 38049 | Shoals:2 | Killed a kraken
 38296 | Shoals:2 | Got a pair of brightly glowing gloves {god gift}
 38307 | Shoals:2 | Identified the +0 pair of gloves of Fahach {*Drain rCorr
                  | Int+5 Dex+2} (Okawaru gifted it to you on level 2 of the
                  | Shoals)
 38464 | Shoals:2 | Noticed Ilsuiw
 38499 | Shoals:2 | Killed Ilsuiw
 38638 | Shoals:2 | Reached skill level 15 in Fighting
 38977 | Shoals:1 | Got a scorched long sword
 38978 | Shoals:1 | Identified the cursed +1 long sword "Luahous" {freeze,
                  | +Blink rPois MR+} (You found it on level 1 of the Shoals)
 39741 | Shoals:2 | Found a shattered altar of Ashenzari.
 39884 | Shoals:2 | Reached skill level 15 in Armour
 40500 | Shoals:2 | Killed mojasp's ghost
 40609 | Shoals:2 | Got a brightly glowing golden ring
 40611 | Shoals:2 | Got a fine steel ring
 40620 | Shoals:2 | Identified Sif Muna's Reference Book on Heat and Poison
 40624 | Shoals:2 | Identified the ring "Vyut Red" {+Blink rF+ Int+4} (You
                  | found it on level 2 of the Shoals)
 40626 | Shoals:2 | Identified the ring of Uheavara {Str+3 Int+4 Stlth+} (You
                  | found it on level 2 of the Shoals)
 41220 | Spider:3 | Received a gift from Okawaru
 41582 | Spider:3 | Found a runed translucent door.
 42267 | Spider:3 | Reached skill level 24 in Shields
 42278 | Spider:3 | Found the +27 Lear's hauberk
 42449 | Spider:4 | Entered Level 4 of the Spider Nest
 42484 | Spider:4 | Received a gift from Okawaru
 42914 | Spider:4 | Reached XP level 18. HP: 148/163 MP: 19/19
 43887 | Spider:4 | HP: 7/165 [spark wasp/living lightning (22)]
 43892 | Spider:4 | HP: 5/165 [emperor scorpion (9)]
 43905 | Spider:4 | HP: 1/247 [emperor scorpion (26)]
 43905 | Spider:4 | Slain by an emperor scorpion

Levels and vault maps discovered:
D:1:      elethiomel_arrival_maze, layout_basic, serial_glass, glass_columns_a,
          glass_columns_b
D:2:      layout_loops_cross, fedhas_altar_fruit_tree
D:3:      layout_basic, grunt_temple_overflow_opulence,
          amethyst_overflow_temple_binary
D:4:      layout_loops_ring, minmay_temple_entry_junction, serial_shops,
          kennysheep_mini, nemelex_dance_club_becter
D:5:      layout_basic, lightli_temple_of_fire, minitemple, first_ration
D:6:      minmay_razor_zed, layout_basic, chequers_ossuary_entry_cave, trog_book
D:7:      layout_basic, kiku_gazebo_garden_becter, minmay_misc_feat_nine_boxes,
          grunt_livestock, cheibriados_altar_1, uniq_joseph, uniq_pikel,
          uniq_harold
D:8:      layout_loops_ring
D:9:      layout_irregular_city, kennysheep_generic_room_4
D:10:     layout_layer_cave, hellmonk_ghost_happy_afterlife, st_stairs_12
D:11:     layout_loops_ring, erik_lair_orcish_takeover, gammafunk_ghost_grave,
          serial_shops, shop, nicolae_shop_statue_plus, shop_statue,
          chequers_serial_rivers_micro_e, nrook_pool_corridor, uniq_grum,
          uniq_maurice, uniq_fannar, uniq_snorg
D:12:     layout_basic, uniq_nessos
D:13:     layout_irregular_city, erik_vaults_1, serial_shops, shop,
          lightli_fourway_metalbox
D:14:     layout_roguey, kennysheep_cross_room, uniq_kirke, uniq_azrael
D:15:     hangedman_depths_entry_try_elsewhere_first, layout_irregular_city,
          billiards_dpeg
Temple:   eino_temple_water
Lair:1:   lemuel_slime, layout_small_grid, serial_bayou_shore_b
Lair:2:   regret_index_wax_grids, layout_hall_layers, special_room
          [special_room_bee], patterned_corridor, grunt_megastairs_4,
          lemuel_fruit_tree, uniq_urug
Lair:3:   layout_cave_pods, shoals_dummy_entry, gauntlet_entry_generic,
          minmay_lair_oklob_chamber, serial_bayou_shore_b, uniq_prince_ribbit2
Lair:4:   layout_misc_corridors, dummy_spider_entry, st_stairs_12,
          beast_lair_carwin_7, uniq_rupert
Lair:5:   layout_loops_ring
Lair:6:   hangedman_lair_in_review, layout_small_grid, dpeg_slime_entry_corner,
          infiniplex_staircase_pool
Shoals:1: layout_shoals, serial_shops, nicolae_shop_trees,
          portal_ice_cave_entry_pillars_three, st_cyclops
Shoals:2: layout_shoals, gammafunk_ghost_berserking_beasts,
          lemuel_centaur_altar, uniq_ilsuiw
Spider:1: layout_chambers, nicolae_crawler_farm
Spider:2: layout_spider_delve, einodemon_crawler_minivault
Spider:3: cheibrodos_spider_deadly_dance, nicolae_spider_webbed_stairs
Spider:4: spider_rune_water
Orc:1:    layout_caves
Orc:2:    pf_orc_diabolical, layout_diamond_mine, basic_altar, serial_shops,
          shop, nicolae_shop_stone

Skill      XL: |  1  2  3  4  5  6  7  8  9 10 11 12 13 14 15 16 17 |
---------------+----------------------------------------------------+-----
Fighting       | 4 5 6 7 8 9 11 12 13 14 15 | 15.6
Shields        | 4 5 6 7 9 10 12 14 16 18 19 21 22 24 | 24.5
Armour         | 4 5 6 7 8 9 10 11 12 13 14 15 | 15.5
Long Blades    | 3 4 5 7 8 10 11 13 14 15 16 17 | 17.5
Dodging        | 1 2 3 |  3.3
Invocations    | 1 2 3 |  3.7
Evocations     | 1 |  1.0
Stealth        | 1 |  1.1

Action                   |  1- 3 |  4- 6 |  7- 9 | 10-12 | 13-15 | 16-18 || total
-------------------------+-------+-------+-------+-------+-------+-------++-------
Melee: Long sword        |    73 |   155 |   452 |   193 |  1167 |  1401 ||  3441
       Headbutt          |    13 |    32 |    93 |   233 |   370 |   449 ||  1190
       Scimitar          |       |       |       |   914 |   122 |    26 ||  1062
       Demon blade       |       |       |       |       |       |    30 ||    30
 Fire: Hunting sling     |       |       |       |     5 |       |       ||     5
Invok: Heroism           |       |       |     3 |    12 |     8 |     9 ||    32
       Finesse           |       |       |       |     1 |     4 |     1 ||     6
Evoke: Wand              |       |       |       |    10 |     5 |       ||    15
  Use: Potion            |     2 |       |     1 |     3 |     2 |    14 ||    22
       Scroll            |       |     3 |     6 |    11 |    14 |    15 ||    49
 Stab: Confused          |       |       |       |       |       |     1 ||     1
  Eat: Chunk             |     1 |     7 |     9 |    24 |    38 |    26 ||   105
       Ration            |       |       |     1 |     4 |     1 |     5 ||    11
Armor: Scale mail        |    38 |    13 |       |       |       |       ||    51
       Chain mail        |       |    42 |    58 |       |       |       ||   100
       Plate armour      |       |       |   125 |   462 |     2 |       ||   589
       Gold dragon scale |       |       |       |       |   394 |  1027 ||  1421
Dodge: Dodged            |    24 |    24 |    42 |   174 |   136 |   372 ||   772
Block: Shield            |    51 |    10 |       |       |       |   945 ||  1006
       Large shield      |       |   111 |   452 |  1421 |  1524 |   927 ||  4435
       Rpst.: Long sword |     9 |     7 |    12 |     4 |    30 |    61 ||   123
       Scimitar          |       |       |       |    39 |     1 |       ||    40
